 Dungeon Crawl Stone Soup version 0.29-a0-218-gf2abdc9806 (webtiles) character file.

Game seed: 11539008186711249591

7378 EiAlmux the Zephyrmancer (level 10, -12/78 HPs)
             Began as a Yellow Draconian Conjurer on Feb 25, 2022.
             Was a Believer of Vehumet.
             Mangled by an ogre
             ... wielding a +0 giant club
              (22 damage)
             ... while paralysed by an orc sorcerer
             ... on level 1 of the Orcish Mines.
             The game lasted 00:40:11 (14073 turns).

EiAlmux the Zephyrmancer (DrCj)                    Turns: 14073, Time: 00:40:11

Health: -12/78     AC: 14    Str: 11    XL:     10   Next: 92%
Magic:  29/29      EV:  2    Int: 22    God:    Vehumet [**....]
Gold:   504        SH:  0    Dex:  9    Spells: 11/23 levels left

rFire   . . .      SeeInvis .   e - +1 hand axe (venom)
rCold   . . .      Faith    .   t - +0 buckler
rNeg    . . .      Spirit   .   (body armour unavailable)
rPois   .          Reflect  .   (helmet restricted)
rElec   .          Harm     .   (no cloak)
rCorr   +          Rampage  .   C - +0 pair of gloves
Will    .....                   f - +1 pair of boots
Stlth   ++........              A - amulet of regeneration
HPRegen 1.03/turn               i - ring of magical power
MPRegen 0.21/turn               y - +4 ring of protection

@: paralysed
A: spit acid, AC +7, unfitting armour, cold-blooded, acid resistance
a: Breathe Acid, Renounce Religion


You were on level 1 of the Orcish Mines.
You worshipped Vehumet.
Vehumet was pleased with you.
You visited 3 branches of the dungeon, and saw 13 of its levels.
You also visited: Sewer.

You collected 752 gold pieces.
You spent 248 gold pieces at shops.

Inventory:

Hand Weapons
 e - a +1 hand axe of venom (weapon)
 D - the +7 Singing Sword {vorpal, sonic wave}
   (You found it on level 6 of the Dungeon)

   It inflicts extra damage upon your enemies.
   It radiates damaging sonic waves as it strikes, especially in combat
   involving dangerous or numerous foes.
Armour
 f - a +1 pair of boots (worn)
 p - a scarf of shadows
 t - a +0 buckler (worn)
 C - a +0 pair of gloves (worn)
Jewellery
 i - a ring of magical power (left hand)
 q - an amulet of magic regeneration
 y - a +4 ring of protection (right hand)
 A - an amulet of regeneration (around neck)
 I - an amulet of guardian spirit
Wands
 a - a wand of acid (6)
 m - a wand of mindburst (11)
 E - a wand of flame (11)
 J - a wand of iceblast (11)
Scrolls
 c - a scroll of silence
 g - 2 scrolls of enchant armour
 l - a scroll of holy word {unknown}
 n - a scroll of amnesia {unknown}
 o - 2 scrolls of noise
 r - 4 scrolls of fog
 u - a scroll of teleportation
 v - a scroll of blinking
 w - a scroll of magic mapping {unknown}
 z - a scroll of torment {unknown}
Potions
 b - a potion of berserk rage {unknown}
 d - a potion of cancellation
 h - 2 potions of brilliance
 j - 2 potions of lignification
 k - a potion of haste
 s - a potion of might
 x - a potion of attraction {unknown}
 B - a potion of degeneration {unknown}
 F - a potion of mutation {unknown}
 G - a potion of magic {unknown}
 H - a potion of curing


   Skills:
 - Level 4.0 Fighting
 - Level 4.0 Dodging
 + Level 4.0 Stealth
 - Level 4.0 Shields
 + Level 7.0 Spellcasting
 - Level 8.1 Conjurations
 - Level 4.0 Translocations
 * Level 0.7 Ice Magic
 + Level 10.0 Air Magic


You had 11 spell levels left.
You knew the following spells:

 Your Spells              Type           Power      Damage    Failure   Level
a - Magic Dart            Conj           100%       1d8       1%          1
b - Searing Ray           Conj           86%        2d7       1%          2
c - Iskenderun's Mystic   Conj/Tloc      34%        2d8       9%          4
d - Lightning Bolt        Conj/Air       23%        1d39      7%          5

Your spell library contained the following spells:

 Spells                   Type           Power      Damage    Failure   Level
 Inner Flame              Hex/Fire       7%         N/A       30%         3
 Poisonous Vapours        Pois/Air       58%        N/A       1%          2
 Static Discharge         Conj/Air       47%        N/A       1%          2
 Dazzling Flash           Conj/Hex       50%        N/A       6%          3
 Freeze                   Ice            40%        1d6       8%          1
 Sting                    Tmut/Pois      28%        1d4       11%         1
 Ensorcelled Hibernation  Hex/Ice        18%        N/A       14%         2
 Portal Projectile        Hex/Tloc       32%        N/A       14%         3
 Hailstorm                Conj/Ice       27%        3d7       17%         4
 Fulminant Prism          Conj/Hex       12%        3d9       21%         4
 Frozen Ramparts          Ice            20%        1d4       24%         3
 Ozocubu's Armour         Ice            10%        N/A       24%         3
 Silence                  Hex/Air        14%        N/A       36%         5
 Cause Fear               Hex            3%         N/A       71%         4
 Olgreb's Toxic Radiance  Pois           7%         N/A       71%         4
 Agony                    Necr           7%         N/A       96%         5
 Blade Hands              Tmut           3%         N/A       96%         5
 Excruciating Wounds      Necr           3%         N/A       96%         5
 Simulacrum               Ice/Necr       4%         N/A       100%        6
 Dragon Form              Tmut           3%         N/A       100%        7
 Maxwell's Capacitive Co  Air            25%        ∞         100%        8
 Dragon's Call            Summ           3%         N/A       100%        9
 Polar Vortex             Ice            5%         N/A       100%        9


Dungeon Overview and Level Annotations

Branches:
Dungeon (11/15)            Temple (1/1) D:4             Orc (1/2) D:9
  Sewer (visited)
   Lair: D:8-11

Altars:
Ashenzari
Cheibriados
Dithmenos
Elyvilon
Fedhas
Gozag
Kikubaaqudgha
Makhleb
Okawaru
Qazlal
Ru
Sif Muna
Trog
Uskayaw
Vehumet
Wu Jian
Zin
The Shining One

Shops:
D:4 !   D:10 ?

Annotations:
D:6 3 runed translucent doors, MrShunz's ghost, novice DECj; goofmuffin's ghost, novice MiBe; mandick's ghost, novice BaEE


Innate Abilities, Weirdness & Mutations

You can spit globs of acid.
Your golden yellow scales are hard. (AC +7)
You cannot fit into any form of body armour.
You are cold-blooded and may be slowed by cold attacks.
You are resistant to acid. (rCorr)


Message History

The ogre closely misses you. The ogre hits you with a +0 giant club!
The orc hits you but does no damage.
There is a staircase back to the Dungeon, spattered with blood here.
The orc barely misses you. The ogre hits you but does no damage.
The ogre hits you with a +0 giant club! The orc misses you.
The orc sorcerer hits you but does no damage.
The orc warrior hits you with a +0 scimitar!
In your confused state, you trip and fall back down the stairs.
The orc hits you with a +0 falchion. The orc wizard closely misses you.
The orc misses you. The ogre hits you with a +0 giant club.
The ogre hits you but does no damage.
The orc sorcerer hits you with a +0 dagger.
The orc warrior hits you with a +0 scimitar!
* * * LOW HITPOINT WARNING * * *
The orc closely misses you.
The orc wizard gestures at you while chanting.
The magic dart hits you but does no damage.
The orc hits you but does no damage.
The orc priest looks satisfied for a moment.
The orc sorcerer hits you but does no damage.
The orc warrior barely misses you.
In your confused state, you trip and fall back down the stairs.
* * * LOW HITPOINT WARNING * * *
The ogre hits you with a +0 giant club!
* * * LOW HITPOINT WARNING * * *
The ogre hits you but does no damage.
The orc wizard gestures wildly while chanting.
The orc wizard flickers and vanishes!
Deactivating autopickup; reactivate with Ctrl-A.
The orc hits you but does no damage.
The orc wizard mumbles some strange words.
The orc wizard flickers and vanishes!
The orc hits you but does no damage. The orc sorcerer casts a spell at you.
You suddenly lose the ability to move!
The orc warrior hits you with a +0 scimitar.
* * * LOW HITPOINT WARNING * * *
You feel less confused. Something hits you but does no damage.
The ogre hits you with a +0 giant club!!
You die...

. ....... .
..$...#
##.#.......
##.#.......#
##.......#...
###.#)o.....#.#
#.....ooO....##
.....o.@>.....#
.....o{Oo..#.##
...............
...........#.#.
............#..
###.........# .
###......#.
##........


You could see an orc sorcerer, an orc warrior, 2 ogres, an orc priest and 3
orcs.

Vanquished Creatures
  A two-headed ogre (D:8)
  Amaemon (D:7)
  Joseph (D:7)
  An orange demon (D:7)
  A kobold demonologist (D:10)
  2 trolls
  2 hornets
  2 wraiths
  2 shadows
  Menkaure (D:7)
  4 water moccasins
  2 black bears
  3 orc warriors
  An ice beast (D:7)
  2 sky beasts (D:5)
  8 ogres
  A centaur (D:8)
  6 kobold brigands
  8 scorpions
  4 wights (D:8)
  6 howler monkeys
  2 jellies
  2 hounds
  2 orc priests
  2 iguanas
  5 orc wizards
  7 adders
  An ufetubus (D:6)
  4 worms
  35 orcs
  6 ball pythons
  10 bats
  An endoplasm (D:1)
  5 giant cockroaches
  8 goblins
  6 hobgoblins
  2 quokkas
  3 frilled lizards
  37 kobolds
  4 rats
201 creatures vanquished.

Vanquished Creatures (others)
  A kobold demonologist (D:10)
  4 fungi (D:6)
5 creatures vanquished.

Grand Total: 206 creatures vanquished

Notes
Turn   | Place    | Note
-------+----------+-------------------------------------------
     0 | D:1      | EiAlmux the Draconian Conjurer began the quest for the Orb.
     0 | D:1      | Reached XP level 1. HP: 14/14 MP: 3/3
   150 | D:1      | Found a faded altar of an unknown god.
   182 | D:1      | Reached skill level 1 in Fighting
   256 | D:1      | Reached XP level 2. HP: 23/23 MP: 0/5
   259 | D:1      | Learned a level 2 spell: Searing Ray
  1196 | D:2      | Reached XP level 3. HP: 25/29 MP: 1/6
  2373 | D:3      | Found a glowing drain.
  2382 | Sewer    | Entered a sewer
  2410 | Sewer    | Reached XP level 4. HP: 37/37 MP: 7/7
  2451 | Sewer    | Noticed a water moccasin
  2457 | Sewer    | Killed a water moccasin
  2458 | Sewer    | Reached XP level 5. HP: 42/42 MP: 8/9
  3018 | D:3      | Reached skill level 5 in Conjurations
  3495 | D:4      | Found Cemnekh's Distillery.
  3598 | D:4      | Bought a potion of curing for 39 gold pieces
  3598 | D:4      | Bought a potion of heal wounds for 65 gold pieces
  3642 | D:4      | Found a staircase to the Ecumenical Temple.
  3658 | Temple   | Entered the Ecumenical Temple
  3821 | Temple   | Became a worshipper of Vehumet
  3890 | D:4      | Reached XP level 6. HP: 38/50 MP: 11/11
  4563 | D:5      | Entered Level 5 of the Dungeon
  4634 | D:4      | Reached skill level 1 in Translocations
  4815 | D:5      | Noticed a sky beast
  4828 | D:4      | Reached skill level 1 in Shields
  5166 | D:5      | Your scales start taking on a golden yellow colour.
  5166 | D:5      | Reached XP level 7. HP: 39/56 MP: 12/12
  5166 | D:5      | Gained mutation: You are resistant to acid. (rCorr) [Yellow
                  | Draconian growth]
  5831 | D:5      | Reached XP level 8. HP: 48/62 MP: 14/14
  6227 | D:6      | Reached skill level 5 in Spellcasting
  6407 | D:6      | Learned a level 4 spell: Iskenderun's Mystic Blast
  6794 | D:6      | Found a runed translucent gate.
  6794 | D:6      | Found a runed translucent gate.
  6794 | D:6      | Found a runed translucent gate.
  6794 | D:6      | Noticed mandick's ghost (novice BaEE)
  6795 | D:6      | Noticed goofmuffin's ghost (novice MiBe)
  6795 | D:6      | Noticed MrShunz's ghost (novice DECj)
  7026 | D:6      | Found the +7 Singing Sword {vorpal, sonic wave}
  7627 | D:7      | Reached XP level 9. HP: 68/68 MP: 18/18
  7630 | D:7      | Noticed Menkaure
  7645 | D:7      | Reached * piety under Vehumet
  7645 | D:7      | Offered knowledge of Shock by Vehumet.
  7870 | D:7      | Killed Menkaure
  8061 | D:7      | Noticed Joseph
  8124 | D:7      | Noticed Amaemon
  8124 | D:7      | Noticed an orange demon
  8983 | D:8      | Reached skill level 1 in Air Magic
  8994 | D:8      | Reached skill level 2 in Air Magic
  9003 | D:8      | Identified the +1 robe "Dysuit" {Contam Will+++ Str-2
                  | Int+7}
  9392 | D:9      | Reached ** piety under Vehumet
  9392 | D:9      | Offered knowledge of Scorch by Vehumet.
  9515 | D:9      | Noticed a troll
  9552 | D:8      | Reached skill level 3 in Air Magic
  9618 | D:9      | Found a staircase to the Orcish Mines.
  9660 | D:9      | Identified the +1 leather armour of the Mind {rF+ Int+3}
  9976 | D:9      | Reached skill level 4 in Air Magic
 10272 | D:9      | Reached XP level 10. HP: 78/78 MP: 12/20
 10309 | D:9      | Paralysed by a hornet for 1 turns
 10350 | D:8      | Paralysed by a hornet for 1 turns
 10356 | D:8      | Paralysed by a hornet for 1 turns
 10388 | D:8      | Reached skill level 5 in Air Magic
 10521 | D:8      | Learned a level 5 spell: Lightning Bolt
 10578 | D:9      | Noticed a two-headed ogre
 10591 | D:9      | Offered knowledge of Inner Flame by Vehumet.
 10912 | D:9      | Reached skill level 6 in Air Magic
 11254 | D:10     | Entered Level 10 of the Dungeon
 11421 | D:10     | Got the Tome of the Frostbite
 11514 | D:10     | Noticed a centaur warrior
 11524 | D:10     | Noticed a rust devil
 11527 | D:10     | Noticed a rust devil
 11574 | D:10     | Found Baocilla's Magic Scroll Boutique.
 11577 | D:10     | Bought a scroll of fog for 32 gold pieces
 11577 | D:10     | Bought a scroll of identify for 32 gold pieces
 11577 | D:10     | Bought a scroll of noise for 16 gold pieces
 11577 | D:10     | Bought a scroll of identify for 32 gold pieces
 11577 | D:10     | Bought a scroll of identify for 32 gold pieces
 12070 | D:10     | Noticed a smoke demon
 12072 | D:10     | Reached skill level 7 in Air Magic
 12195 | D:11     | Noticed a gargoyle
 12310 | Orc:1    | Entered Level 1 of the Orcish Mines
 12310 | Orc:1    | Noticed an orc sorcerer
 12693 | D:7      | Killed an orange demon
 12694 | D:7      | Reached skill level 8 in Air Magic
 13180 | D:7      | Killed Joseph
 13488 | D:7      | Killed Amaemon
 13489 | D:7      | Reached skill level 9 in Air Magic
 13602 | D:8      | Killed a two-headed ogre
 13603 | D:8      | Reached skill level 10 in Air Magic
 13907 | D:11     | Noticed a two-headed ogre
 13909 | D:11     | Noticed a cyclops
 14072 | Orc:1    | Paralysed by an orc sorcerer for 3 turns
 14073 | Orc:1    | Mangled by an ogre

Illustrated notes

Levels and vault maps discovered:
D:1:      dpeg_arrival_stonehenge_8_columns, layout_loops_ring,
          basic_ecumenical_altar
D:2:      layout_loops_ring, st_stairs_9
D:3:      layout_basic, portal_sewer_entry_d, minmay_misc_feat_four_crosses
D:4:      layout_basic, minmay_temple_entry_arrows, serial_shops,
          nicolae_diamond_shop, minmay_crystal_water
D:5:      layout_rooms, serial_curves, eino_curves_03, eino_curves_03,
          eino_curves_01
D:6:      old_forge, layout_layer_cave, gammafunk_ghost_cemetery
D:7:      layout_cave_pods, chequers_serial_rivers_small_b, uniq_amaemon,
          uniq_menkaure, uniq_joseph
D:8:      layout_loops_cross
D:9:      layout_cave_pods, orc_0_dummy
D:10:     layout_basic, old_standard_altar, serial_shops, nicolae_stop_n_shop_1
D:11:     minmay_the_grid_octo_tiled_octocenter [minmay_the_grid_octo_checkered,
          minmay_the_grid_octo_tetromino_candy, minmay_the_grid_octo_horde,
          minmay_the_grid_octo_thin_diamonds,
          minmay_the_grid_octo_prize_square_snowflake,
          minmay_the_grid_square_5x5_misaligned,
          minmay_the_grid_square_5x5_inverted_slash,
          minmay_the_grid_square_5x5_bridge,
          minmay_the_grid_square_5x5_inner_z], layout_basic,
          hellmonk_ghost_big_iron, trog_hazing_becter
Temple:   mainiacjoe_temple_circle_huts
Orc:1:    layout_caves

Skill      XL: |  1  2  3  4  5  6  7  8  9 10 |
---------------+-------------------------------+-----
Fighting       | 1 2 4 |  4.0
Stealth        | 2 3 4 |  4.0
Spellcasting   | 3 4 6 7 |  7.0
Conjurations   | 5 6 7 8 |  8.1
Translocations | 1 3 4 |  4.0
Shields        | 1 2 4 |  4.0
Dodging        | 2 4 |  4.0
Air Magic      | 4 10 | 10.0
Ice Magic      | |  0.7

Action                   |  1- 3 |  4- 6 |  7- 9 | 10-12 || total
-------------------------+-------+-------+-------+-------++-------
Melee: Hand axe          |    30 |       |     9 |       ||    39
       Tailslap          |     5 |       |     4 |       ||     9
 Cast: Magic Dart        |    72 |    75 |   156 |    15 ||   318
       Searing Ray       |       |    14 |    50 |     5 ||    69
       Iskenderun's Myst |       |       |    16 |    26 ||    42
       Lightning Bolt    |       |       |       |    44 ||    44
 Abil: Breathe Acid      |       |       |     8 |     3 ||    11
  Use: Scroll            |     1 |     1 |     5 |     4 ||    11
       Potion            |       |       |     4 |       ||     4
 Stab: Sleeping          |     1 |       |       |       ||     1
Armor: Skin              |    18 |    18 |    49 |    35 ||   120
Dodge: Dodged            |    28 |    29 |    60 |    52 ||   169
Block: Buckler           |       |     4 |    17 |    13 ||    34

Table legend: (Time is in decaauts)
 A = Elapsed time spent in this place.
 B = Non-inter-level travel time spent in this place.
 C = Inter-level travel time spent in this place.
 D = Time resting spent in this place.
 E = Time spent auto-exploring this place.
 F = Levels seen in this place.
 G = Mean time per level.
                   A        B        C        D        E       F      G
               +--------+--------+--------+--------+--------+-----+--------+
         Total |  14156 |  13421 |    735 |   2880 |   8528 |  14 | 1011.1 |
       Dungeon |  13787 |  13070 |    717 |   2833 |   8306 |  11 | 1253.4 |
        Temple |    175 |    158 |     17 |      0 |    139 |   1 |  175.0 |
  Orcish Mines |     13 |     13 |      0 |      0 |      0 |   1 |   13.0 |
         Sewer |    179 |    179 |      0 |     47 |     83 |   1 |  179.0 |
               +--------+--------+--------+--------+--------+-----+--------+

Top non-repeatable levels by time:
     D:6: 1903 daAuts
     D:8: 1902 daAuts
     D:9: 1810 daAuts
     D:4: 1435 daAuts
     D:7: 1288 daAuts
     D:1: 1165 daAuts
    D:10: 1089 daAuts
     D:3: 1087 daAuts
     D:2: 1022 daAuts
     D:5: 953 daAuts
   Sewer: 179 daAuts
  Temple: 175 daAuts
    D:11: 127 daAuts
   Orc:1: 13 daAuts
